 Dungeon Sprint DCSS version 0.29-a0-620-g13ace881f2 (webtiles) character file.

Game seed: 8940681204271533704

1026 rocky1 the Black Belt (level 8, -14/69 HPs)
             Began as a Green Draconian Monk on June 19, 2022.
             Was a High Priest of Sif Muna.
             Demolished by a vampire knight
             ... wielding a +0 long sword
              (32 damage)
             ... in the Dungeon (Sprint VII: "The Pits").
             The game lasted 00:07:55 (985 turns).

rocky1 the Black Belt (Green Draconian Monk)         Turns: 985, Time: 00:07:55

Health: -14/69     AC:  7    Str: 13    XL:     8   Next: 2%
Magic:  12/12      EV: 16    Int: 16    God:    Sif Muna [*****.]
Gold:   0          SH:  0    Dex: 14    Spells: 9/13 levels left

rFire   . . .      SeeInvis .     - Unarmed
rCold   . . .      Faith    .   (no shield)
rNeg    . . .      Spirit   .   (body armour unavailable)
rPois   +          Reflect  .   (helmet restricted)
rElec   .          Harm     .   (no cloak)
rCorr   .          Rampage  .   n - +0 pair of gloves
Will    .....      NoTele   +   (no boots)
Stlth   ++........              (no amulet)
HPRegen 0.21/turn               l - +3 ring of intelligence
MPRegen 0.13/turn               k - +3 ring of evasion

@: no status effects
A: breathe noxious fumes, AC +6, unfitting armour, poison resistance,
cold-blooded
a: Breathe Noxious Fumes, Renounce Religion, Channel Magic, Forget Spell, Divine
Exegesis


You were in the Dungeon.
You worshipped Sif Muna.
Sif Muna was extremely pleased with you.
You visited 1 branch

Inventory:

Hand Weapons
 o - a +4 quarterstaff of speed
Armour
 n - a +0 pair of gloves (worn)
Jewellery
 k - a +3 ring of evasion (right hand)
 l - a +3 ring of intelligence (left hand)
Scrolls
 i - 5 scrolls of amnesia
 j - a scroll of summoning
Potions
 a - a potion of ambrosia
 b - 7 potions of curing
 c - 9 potions of heal wounds
 d - 2 potions of haste
 e - 4 potions of magic
 f - 3 potions of berserk rage
 h - 2 potions of invisibility
 m - 2 potions of might


   Skills:
 + Level 5.4 Fighting
 + Level 4.4 Dodging
 - Level 1.7 Stealth
 + Level 15.4 Unarmed Combat
 + Level 3.2 Spellcasting
 + Level 2.8 Transmutations
 + Level 4.1 Invocations


You had 9 spell levels left.
You knew the following spells:

 Your Spells              Type           Power      Damage    Failure   Level
a - Ice Form              Ice/Tmut       7%         N/A       71%         4

Your spell library contained the following spells:

 Spells                   Type           Power      Damage    Failure   Level
 Ignite Poison            Fire/Tmut/Pois 5%         N/A       36%         3
 Alistair's Intoxication  Tmut/Pois      4%         N/A       96%         5
 Irradiate                Conj/Tmut      3%         3d14      96%         5
 Statue Form              Tmut/Erth      4%         N/A       100%        6
 Necromutation            Tmut/Necr      3%         N/A       100%        8


Dungeon Overview and Level Annotations

Branches:
Dungeon (1/1)

Altars:
Ashenzari
Cheibriados
Dithmenos
Elyvilon
Fedhas
Gozag
Hepliaklqana
Kikubaaqudgha
Makhleb
Nemelex Xobeh
Okawaru
Qazlal
Ru
Sif Muna
Trog
Uskayaw
Vehumet
Wu Jian
Xom
Yredelemnul
Zin
The Shining One
Beogh
Jiyva
Lugonu


Innate Abilities, Weirdness & Mutations

You can breathe blasts of noxious fumes.
Your lurid green scales are hard. (AC +6)
You cannot fit into any form of body armour.
Your system is resistant to poisons. (rPois)
You are cold-blooded and may be slowed by cold attacks.


Message History

You hear a deafening roar!
You hear a screech!
You hear a bellow!
You hear a howl!
You hear a shout!
Found a staff of earth and a phial of floods.
An orc knight comes into view. It is wielding a +0 great sword.
The sun demon shouts!
You hear a croak.
The spriggan hits you with a +0 dagger!
The deep elf zephyrmancer gestures wildly while chanting.
The deep elf zephyrmancer blinks!
A hell rat comes into view.
The hell rat twitches its whiskers.
The spriggan completely misses you.
A swamp drake comes into view.
The swamp drake moves out of view.
The spriggan misses you.
The deep elf zephyrmancer attacks as you move away!
The deep elf zephyrmancer hits you with a +0 rapier.
The spriggan attacks as you move away! The spriggan hits you with a +0 dagger!
The vampire knight points at you and mumbles some strange words.
The vampire knight blinks!
The deep elf zephyrmancer mumbles some strange words.
The deep elf zephyrmancer blinks!
The spriggan attacks as you move away! The spriggan hits you with a +0 dagger.
The vampire knight hits you with a +0 long sword!!
* * * LOW HITPOINT WARNING * * *
The vampire knight bites you but does no damage.
The spriggan hits you with a +0 dagger.
* * * LOW HITPOINT WARNING * * *
Unknown command.
You feel much better.
The hell rat twitches its whiskers.
The vampire knight hits you with a +0 long sword.
The vampire knight completely misses you.
The deep elf zephyrmancer hits you with a +0 rapier.
The spriggan hits you with a +0 dagger!
* * * LOW HITPOINT WARNING * * *
Blink to where?
Press: ? - help, Dir - move target
As you read the scroll of blinking, it crumbles to dust.
The vampire knight hits you with a +0 long sword!!
You die...

#######'##..# #T#.#..#
#V# ##T.# #|# #..# #k#
#ir# #o# #ยง.#
###############.e#
..............V..#
.............@...#
######''##########
#########''###### ###
................# ..#
......#..#......##..#
................++..#
................++..#
......#..#......##......t
................# .......


You could see a vampire knight (fast), a deep elf zephyrmancer and a hell rat.

Vanquished Creatures
  A smoke demon (D)
  A warg (D)
  Edmund (D)
  A water moccasin (D)
  A floating eye (D)
  An orc warrior (D)
  A black bear (D)
  A bullfrog (D)
  An orc wizard (D)
  2 gnolls (D)
  A worm (D)
  5 orcs (D)
  A giant cockroach (D)
  A goblin (D)
  2 quokkas (D)
  A bat (D)
  A frilled lizard (D)
  3 rats (D)
26 creatures vanquished.

Notes
Turn   | Place    | Note
-------+----------+-------------------------------------------
     0 | D        | rocky1 the Draconian Monk began the quest for the Orb.
     0 | D        | Reached XP level 1. HP: 19/19 MP: 1/1
    20 | D        | Found a bloodstained altar of Trog.
    20 | D        | Found a shimmering blue altar of Sif Muna.
    20 | D        | Found a viscous altar of Jiyva.
    20 | D        | Found a hazy altar of Hepliaklqana.
    20 | D        | Found an opulent altar of Gozag.
    43 | D        | Found a glowing golden altar of the Shining One.
    43 | D        | Found a glowing silver altar of Zin.
    43 | D        | Found a basalt altar of Yredelemnul.
    43 | D        | Found a shimmering altar of Xom.
    43 | D        | Found an ornate altar of the Wu Jian Council.
    43 | D        | Found a sacrificial altar of Ru.
    43 | D        | Found a stormy altar of Qazlal.
    43 | D        | Found an iron altar of Okawaru.
    43 | D        | Found a sparkling altar of Nemelex Xobeh.
    43 | D        | Found a burning altar of Makhleb.
    43 | D        | Found a blossoming altar of Fedhas.
    43 | D        | Found a white marble altar of Elyvilon.
    43 | D        | Found a shadowy altar of Dithmenos.
    43 | D        | Found a snail-covered altar of Cheibriados.
    45 | D        | Found a radiant altar of Vehumet.
    45 | D        | Found a corrupted altar of Lugonu.
    46 | D        | Found a hide-covered altar of Uskayaw.
    46 | D        | Found an ancient bone altar of Kikubaaqudgha.
    46 | D        | Found a broken altar of Ashenzari.
    52 | D        | Became a worshipper of Sif Muna the Loreminder
    52 | D        | Reached * piety under Sif Muna
    52 | D        | Reached ** piety under Sif Muna
    73 | D        | Reached skill level 4 in Unarmed Combat
    89 | D        | Reached skill level 5 in Unarmed Combat
    89 | D        | Reached XP level 2. HP: 22/26 MP: 2/2
   137 | D        | Reached *** piety under Sif Muna
   138 | D        | Noticed a floating eye
   144 | D        | Killed a floating eye
   145 | D        | Reached skill level 9 in Unarmed Combat
   145 | D        | Reached XP level 3. HP: 30/31 MP: 3/3
   145 | D        | Reached XP level 4. HP: 37/38 MP: 4/4
   147 | D        | Reached skill level 10 in Unarmed Combat
   193 | D        | Noticed a warg
   194 | D        | Noticed a water moccasin
   195 | D        | Noticed an orc warrior
   196 | D        | Noticed a bullfrog
   197 | D        | Noticed Edmund
   198 | D        | Reached **** piety under Sif Muna
   202 | D        | Killed a warg
   203 | D        | Reached skill level 12 in Unarmed Combat
   203 | D        | Reached XP level 5. HP: 45/45 MP: 5/5
   206 | D        | Killed a water moccasin
   207 | D        | Reached skill level 13 in Unarmed Combat
   207 | D        | Reached XP level 6. HP: 51/51 MP: 6/6
   215 | D        | Killed an orc warrior
   215 | D        | Reached ***** piety under Sif Muna
   216 | D        | Reached skill level 14 in Unarmed Combat
   218 | D        | Received a gift from Sif Muna
   219 | D        | Reached skill level 15 in Unarmed Combat
   219 | D        | Your scales start taking on a lurid green colour.
   219 | D        | Reached XP level 7. HP: 44/57 MP: 7/7
   219 | D        | Gained mutation: Your system is resistant to poisons.
                  | (rPois) [Green Draconian growth]
   224 | D        | Got Zaokuin's Guide on Changing {god gift}
   239 | D        | Killed Edmund
   240 | D        | Reached skill level 1 in Spellcasting
   549 | D        | Learned a level 4 spell: Ice Form
   563 | D        | Reached skill level 1 in Transmutations
   584 | D        | Noticed a smoke demon
   609 | D        | Killed a smoke demon
   610 | D        | Reached skill level 5 in Fighting
   610 | D        | Reached XP level 8. HP: 27/69 MP: 10/12
   926 | D        | Noticed a vampire mage
   937 | D        | Noticed a snapping turtle
   975 | D        | Noticed a troll
   975 | D        | Noticed a sun demon
   975 | D        | Noticed a vampire knight
   975 | D        | Noticed a deep elf zephyrmancer
   976 | D        | Noticed an orc knight
   985 | D        | Demolished by a vampire knight

Illustrated notes

Levels and vault maps discovered:
D:        pitsprint [storerooms_1, entrance_room_1, metal_vault_6, armoury_3,
          mini_pit_1, grid_room_1, main_hall_1, silver_pit, the_coven_2,
          the_vestibule_1, steel_vault_1, golden_pit, hallway_of_sentries,
          crystal_vault_4, iron_vault_2, final_vault]

Skill      XL: |  1  2  3  4  5  6  7 |
---------------+----------------------+-----
Unarmed Combat | 5 9 12 13 15 | 15.4
Fighting       | 5 |  5.4
Dodging        | 4 |  4.4
Spellcasting   | 3 |  3.2
Invocations    | 4 |  4.1
Transmutations | 2 |  2.8
Stealth        | |  1.7

Action                   |  1- 3 |  4- 6 |  7- 9 || total
-------------------------+-------+-------+-------++-------
Melee: Unarmed           |    16 |    21 |    38 ||    75
       Punch             |     2 |     1 |     3 ||     6
       Tailslap          |     2 |     2 |     7 ||    11
 Abil: Breathe Noxious F |       |       |     2 ||     2
  Use: Potion            |       |     1 |     3 ||     4
       Scroll            |       |       |     1 ||     1
 Stab: Sleeping          |     1 |       |     2 ||     3
       Confused          |       |       |     4 ||     4
Armor: Skin              |     3 |       |     7 ||    10
Dodge: Dodged            |     3 |     8 |    20 ||    31

Table legend: (Time is in decaauts)
 A = Elapsed time spent in this place.
 B = Non-inter-level travel time spent in this place.
 C = Inter-level travel time spent in this place.
 D = Time resting spent in this place.
 E = Time spent auto-exploring this place.
 F = Levels seen in this place.
 G = Mean time per level.
                   A        B        C        D        E       F      G
               +--------+--------+--------+--------+--------+-----+--------+
         Total |    974 |    916 |     58 |    545 |      0 |   1 |  974.0 |
       Dungeon |    974 |    916 |     58 |    545 |      0 |   1 |  974.0 |
               +--------+--------+--------+--------+--------+-----+--------+

Top non-repeatable levels by time:
       D: 974 daAuts
